 Dungeon Sprint DCSS version 0.20-a0-876-g2c7b0bf (webtiles) character file.

594 esc the Covert (level 7, -1/39 HPs)
             Began as a Spriggan Enchanter on Mar 15, 2017.
             Was the Champion of Jiyva.
             Slain by a tentacle (25 damage)
             ... attached to a kraken
             ... in the Dungeon (Sprint II: "The Violet Keep of Menkaure").
             The game lasted 00:14:13 (992 turns).

esc the Covert (Spriggan Enchanter)                  Turns: 992, Time: 00:14:13

Health: -1/39      AC:  5    Str:  7    XL:     7   Next: 16%
Magic:  19/19      EV: 26    Int: 20    God:    Jiyva [******]
Gold:   607        SH:  0    Dex: 19    Spells: 10/22 levels left

rFire    + . .     SeeInvis +   v - +2 dagger (venom)
rCold    . . .     Gourm    .   b - +0 robe
rNeg     . . .     Faith    .   (shield restricted)
rPois    .         Spirit   .   (helmet restricted)
rElec    .         Reflect  .   t - +0 cloak
rCorr    +         Harm     .   (gloves unavailable)
MR       +....     NoTele   +   (boots unavailable)
Stlth    +++++.....             (no amulet)
Regen    0.2/turn               r - +2 ring of protection
MPRegen  0.2/turn               u - +3 ring of strength

@: very quick
A: unfitting armour, see invisible, clever 2, fire resistance 1, herbivore 3,
speed 3, slow metabolism 2, jelly absorbing missiles
a: Request Jelly, Slimify, Cure Bad Mutation, Renounce Religion


You were in the Dungeon.
You worshipped Jiyva.
Jiyva was exalted by your worship.
You were completely stuffed.

You visited 1 branch You collected 607 gold pieces.

Inventory:

Hand Weapons
 v - a +2 dagger of venom (weapon)
   (You found it in the Dungeon)
Armour
 b - a +0 robe (worn)
 t - a +0 cloak (worn)
   (You found it in the Dungeon)
Jewellery
 j - an uncursed ring of resist corrosion
   (You found it in the Dungeon)
 r - a +2 ring of protection (right hand)
   (You found it in the Dungeon)
 u - a +3 ring of strength (left hand)
   (You found it in the Dungeon)
Scrolls
 h - a scroll of remove curse {unknown}
 i - 2 scrolls of immolation {unknown}
 p - a scroll of identify {unknown}
 q - a scroll of random uselessness {unknown}
 s - 2 scrolls of fear {unknown}
Potions
 e - 6 potions of curing
 g - a potion of haste
 k - a potion of brilliance {unknown}
 l - 3 potions of resistance {unknown}
 m - 3 potions of flight {unknown}
 n - a potion of mutation {unknown}
 o - a potion of lignification {unknown}
Books
 c - a book of Maledictions
Comestibles
 d - a bread ration {@e1}
 f - 2 fruits


   Skills:
 + Level 5.1 Fighting
 + Level 6.8 Short Blades
 + Level 9.5 Dodging
 + Level 10.7 Stealth
 + Level 8.1 Spellcasting
 + Level 8.5 Hexes


You had 10 spell levels left.
You knew the following spells:

 Your Spells              Type           Power        Failure   Level  Hunger
a - Ensorcelled Hibernat  Hex/Ice        ####..       2%          2    None
b - Tukima's Dance        Hex            #####...     1%          3    None
c - Confuse               Hex            #####...     1%          3    None
d - Dazzling Spray        Conj/Hex       ####..       6%          3    None
v - Corona                Hex            #####..      1%          1    None


Dungeon Overview and Level Annotations

Branches:
Dungeon (1/1)

Altars:
Cheibriados
Dithmenos
Elyvilon
Fedhas
Gozag
Hepliaklqana
Kikubaaqudgha
Makhleb
Nemelex Xobeh
Okawaru
Qazlal
Ru
Sif Muna
Trog
Uskayaw
Vehumet
Wu Jian
Xom
Yredelemnul
Zin
The Shining One
Beogh
Jiyva
Lugonu


Innate Abilities, Weirdness & Mutations

You are very small and have problems with some larger weapons.
You are too small for most types of armour.
You have supernaturally acute eyesight. (SInv)
You are a herbivore.
You cover ground extremely quickly.
You need consume almost no food.
Your mind is very acute. (Int +4)
Your flesh is heat resistant. (rF+)
You have a small jelly attached to you that may absorb incoming projectiles.


Message History

The tentacle segment looks as sick as possible!
You hit the tentacle segment.
The tentacle segment looks as sick as possible!
You hit the tentacle segment but do no damage.
The tentacle segment looks as sick as possible!
You hit the tentacle segment.
The tentacle segment looks as sick as possible!
You hit the tentacle segment.
You hit the tentacle segment but do no damage.
The tentacle segment looks as sick as possible!
You hit the tentacle segment.
You hit the tentacle segment but do no damage.
You hit the tentacle segment but do no damage.
The tentacle segment looks as sick as possible!
You hit the tentacle segment but do no damage.
You hit the tentacle segment.
The tentacle segment looks as sick as possible!
You hit the tentacle segment but do no damage.
The tentacle segment looks as sick as possible!
You hit the tentacle segment but do no damage.
The tentacle segment looks as sick as possible!
You kill the tentacle segment!
You enter the shallow water.
Moving in this stuff is going to be slow.
You hit the tentacle segment but do no damage.
The tentacle segment is poisoned.
You hit the tentacle segment.
The tentacle segment looks as sick as possible!
You hit the tentacle segment but do no damage.
The tentacle segment looks as sick as possible!
You hear a distant slurping noise.
You hear a squelching noise.
You hit the tentacle segment but do no damage.
The tentacle segment looks as sick as possible!
You hear a distant slurping noise.
You hit the tentacle segment but do no damage.
The tentacle segment looks as sick as possible!
You hit the tentacle segment but do no damage.
The tentacle segment looks as sick as possible!
Tentacles burst out of the water!
You hit the tentacle segment but do no damage.
The tentacle segment looks as sick as possible!
You hit the tentacle segment but do no damage.
You hit the tentacle segment.
The tentacle segment looks as sick as possible!
You hit the tentacle segment but do no damage.
The tentacle segment looks as sick as possible!
You hit the tentacle segment but do no damage.
You barely miss the tentacle segment. You hit the tentacle segment.
The tentacle segment looks as sick as possible!
You hit the tentacle segment but do no damage.
The tentacle segment looks as sick as possible!
You closely miss the tentacle segment.
You hit the tentacle segment but do no damage.
The floor.
You hit the tentacle segment but do no damage.
You hit the tentacle segment but do no damage.
The tentacle segment looks as sick as possible!
Here: a tentacle (water) Some deep water.
You completely miss the tentacle segment.
You hit the tentacle segment but do no damage.
The tentacle segment looks as sick as possible!
You hit the tentacle segment.
The tentacle segment looks as sick as possible!
You hit the tentacle segment.
The tentacle segment looks as sick as possible!
You hit the tentacle segment.
The tentacle segment looks as sick as possible!
You hit the tentacle segment.
The tentacle segment looks as sick as possible!
You hit the tentacle segment.
The tentacle segment looks as sick as possible!
You hit the tentacle segment.
The tentacle segment looks as sick as possible!
You barely miss the tentacle segment.
You hit the tentacle segment but do no damage.
You hit the tentacle segment but do no damage.
The tentacle segment looks as sick as possible!
You barely miss the tentacle segment. You barely miss the tentacle segment.
You hit the tentacle segment but do no damage.
The tentacle segment looks as sick as possible!
You hit the tentacle segment but do no damage.
The tentacle segment looks as sick as possible!
You hit the tentacle segment but do no damage.
You hit the tentacle segment.
The tentacle segment looks as sick as possible!
You hit the tentacle segment.
The tentacle segment looks as sick as possible!
You hit the tentacle segment but do no damage.
The tentacle segment looks as sick as possible!
You kill the tentacle segment!
The tentacle slaps you!
You shudder from the blow and a jelly pops out!
You take 15 damage, and have 24/39 hp.
MASSIVE DAMAGE!!
The tentacle slaps you!!
Ouch! That really hurt!
You die...

#))▓▓▓▓▓▓▓▓▓▓▓
#|)▓JJJ.....▓▓
#§:▓JJJ.....▓▓
+.##.#):▓JJJ.....▓▓
...####▓JJ......▓▓
#..##.#▓JJ......▓▓
∆+..#..#▓J..*....▓▓
#..#..#▓....*.J.▓▓
##..##.#▓.......@▓▓
###.^.##▓▓▓▓▓▓▓w▓▓▓▓+▓
..≈≈≈≈≈≈≈≈≈≈≈≈≈.──Xw≈▓
..≈#'########.###*ww≈▓
..≈#_._._...#≈§§##≈≈≈▓
≈.≈#._._._._#§§§§####▓
§≈≈#_._._._.#§§§≈§#
≈§≈#._._._._#§§§§§≈
§≈§#.._._._.#≈§§§§≈+


You could see a kraken, 4 tentacles, a neutral slime creature (fellow slime), 13
neutral jellies (fellow slime) and a friendly azure jelly.

Vanquished Creatures
  A polar bear (D)
  3 necrophages (D)
  4 worker ants (D)
  3 worms (D)
11 creatures vanquished.

Vanquished Creatures (collateral kills)
  3 tentacles (D)
3 creatures vanquished.

Vanquished Creatures (others)
  An eye of devastation (D)
  2 polar bears (D)
  A hornet (D)
  4 flying skulls (D)
  A necrophage (D)
  3 crocodiles (D)
  9 jellies (D)
  An orc priest (D)
  5 tentacles (D)
27 creatures vanquished.

Grand Total: 41 creatures vanquished

Notes
Turn   | Place    | Note
-------+----------+-------------------------------------------
     0 | D        | esc the Spriggan Enchanter began the quest for the Orb.
     0 | D        | Reached XP level 1. HP: 9/9 MP: 5/5
     7 | D        | Noticed a worker ant
     7 | D        | Noticed a worker ant
     7 | D        | Noticed a worker ant
     7 | D        | Noticed a worker ant
    10 | D        | Killed a worker ant
    10 | D        | Reached skill level 1 in Fighting
    10 | D        | Reached skill level 2 in Short Blades
    10 | D        | Reached skill level 4 in Dodging
    10 | D        | Reached skill level 5 in Stealth
    10 | D        | Reached skill level 3 in Spellcasting
    10 | D        | Reached skill level 4 in Hexes
    10 | D        | Reached XP level 2. HP: 14/14 MP: 5/7
    11 | D        | Reached skill level 3 in Short Blades
    11 | D        | Reached skill level 6 in Stealth
    11 | D        | Reached skill level 4 in Spellcasting
    11 | D        | Reached skill level 5 in Hexes
    11 | D        | Reached XP level 3. HP: 18/18 MP: 5/9
    21 | D        | Reached skill level 2 in Fighting
    21 | D        | Reached skill level 5 in Dodging
    21 | D        | Reached XP level 4. HP: 23/23 MP: 5/11
    29 | D        | Reached skill level 7 in Stealth
    29 | D        | Reached skill level 5 in Spellcasting
    67 | D        | Killed a crocodile
    69 | D        | Learned a level 2 spell: Ensorcelled Hibernation
    73 | D        | Learned a level 3 spell: Confuse
    77 | D        | Learned a level 3 spell: Tukima's Dance
    81 | D        | Learned a level 3 spell: Dazzling Spray
   230 | D        | Reached skill level 6 in Dodging
   268 | D        | Found an iron altar of Okawaru.
   268 | D        | Found an opulent altar of Gozag.
   269 | D        | Found a sparkling altar of Nemelex Xobeh.
   269 | D        | Found a blossoming altar of Fedhas.
   270 | D        | Found a radiant altar of Vehumet.
   270 | D        | Found a burning altar of Makhleb.
   270 | D        | Found a white marble altar of Elyvilon.
   271 | D        | Found a hide-covered altar of Uskayaw.
   271 | D        | Found a corrupted altar of Lugonu.
   271 | D        | Found a shadowy altar of Dithmenos.
   272 | D        | Found a glowing silver altar of Zin.
   272 | D        | Found a bloodstained altar of Trog.
   272 | D        | Found an ancient bone altar of Kikubaaqudgha.
   273 | D        | Found a basalt altar of Yredelemnul.
   273 | D        | Found a deep blue altar of Sif Muna.
   273 | D        | Found a viscous altar of Jiyva.
   274 | D        | Found a shimmering altar of Xom.
   274 | D        | Found a sacrificial altar of Ru.
   276 | D        | Found a glowing golden altar of the Shining One.
   276 | D        | Found an ornate altar of the Wu Jian Council.
   276 | D        | Found a stormy altar of Qazlal.
   276 | D        | Found a snail-covered altar of Cheibriados.
   276 | D        | Found a hazy altar of Hepliaklqana.
   277 | D        | Found a roughly hewn altar of Beogh.
   279 | D        | Noticed a crocodile
   280 | D        | Noticed a crocodile
   283 | D        | Became a worshipper of Jiyva Junwej the Shapeless
   382 | D        | Reached * piety under Jiyva
   386 | D        | Reached ** piety under Jiyva
   387 | D        | Reached *** piety under Jiyva
   399 | D        | Noticed a necrophage
   399 | D        | Noticed a necrophage
   399 | D        | Noticed a necrophage
   399 | D        | Noticed a necrophage
   430 | D        | Reached **** piety under Jiyva
   431 | D        | Gained mutation: You have a small jelly attached to you that senses nearby items. [Jiyva's grace]
   441 | D        | HP: 4/22 [necrophage (6)]
   503 | D        | Noticed a hornet
   503 | D        | Noticed a polar bear
   504 | D        | Noticed a yaktaur
   504 | D        | Killed a necrophage
   504 | D        | Reached skill level 3 in Fighting
   504 | D        | Reached skill level 4 in Short Blades
   504 | D        | Reached skill level 6 in Hexes
   504 | D        | Reached XP level 5. HP: 5/27 MP: 1/14
   506 | D        | Noticed a polar bear
   506 | D        | Noticed a polar bear
   511 | D        | Noticed a flying skull
   511 | D        | Noticed a flying skull
   516 | D        | Noticed a crocodile
   525 | D        | Killed a necrophage
   525 | D        | Reached skill level 5 in Short Blades
   525 | D        | Reached skill level 7 in Dodging
   525 | D        | Reached skill level 8 in Stealth
   525 | D        | Reached skill level 6 in Spellcasting
   552 | D        | Killed a necrophage
   552 | D        | Reached skill level 4 in Fighting
   552 | D        | Reached skill level 8 in Dodging
   552 | D        | Reached skill level 9 in Stealth
   552 | D        | Reached skill level 7 in Hexes
   552 | D        | Reached XP level 6. HP: 24/33 MP: 2/16
   558 | D        | Reached ***** piety under Jiyva
   558 | D        | Gained mutation: Your mind is acute. (Int +2) [Jiyva's grace]
   564 | D        | Reached skill level 6 in Short Blades
   564 | D        | Reached skill level 7 in Spellcasting
   569 | D        | Gained mutation: You are resistant to hostile enchantments. (MR+) [Jiyva's grace]
   578 | D        | HP: 6/34 [yaktaur/bolt (24)]
   583 | D        | Slimified a yaktaur
   583 | D        | Noticed a slime creature
   583 | D        | a yaktaur changed into a slime creature
   584 | D        | Gained mutation: You have large cloven feet. [Jiyva's grace]
   587 | D        | Killed a polar bear
   594 | D        | Killed a polar bear
   594 | D        | Reached skill level 9 in Dodging
   594 | D        | Reached skill level 10 in Stealth
   594 | D        | Reached skill level 8 in Hexes
   594 | D        | Reached XP level 7. HP: 27/38 MP: 16/19
   595 | D        | Killed a hornet
   595 | D        | Reached skill level 5 in Fighting
   595 | D        | Reached skill level 8 in Spellcasting
   597 | D        | Lost mutation: You have a small jelly attached to you that senses nearby items. [Jiyva's grace]
   597 | D        | Reached ****** piety under Jiyva
   607 | D        | Killed a polar bear
   610 | D        | Lost mutation: You are resistant to hostile enchantments. (MR+) [Jiyva's grace]
   610 | D        | Gained mutation: Your mind is very acute. (Int +4) [Jiyva's grace]
   666 | D        | Gained mutation: Your flesh is heat resistant. (rF+) [Jiyva's grace]
   677 | D        | Noticed a kraken
   707 | D        | Lost mutation: You have large cloven feet. [Jiyva's grace]
   717 | D        | Gained mutation: Your body has grown golden eyes which may confuse attackers. (Acc +3) [Jiyva's grace]
   718 | D        | Gained mutation: Your spells are a little harder to cast, but a little more powerful. [Jiyva's grace]
   722 | D        | Gained mutation: Your rubbery body absorbs attacks. (AC +1, EV +1) [Jiyva's grace]
   723 | D        | Lost mutation: Your spells are a little harder to cast, but a little more powerful. [Jiyva's grace]
   730 | D        | Gained mutation: You have a small jelly attached to you that may absorb incoming projectiles. [Jiyva's grace]
   732 | D        | Gained mutation: You have a pair of small horns on your head. [Jiyva's grace]
   738 | D        | Lost mutation: Your flesh is heat resistant. (rF+) [Jiyva's grace]
   741 | D        | Lost mutation: Your mind is very acute. (Int +4) [Jiyva's grace]
   742 | D        | Lost mutation: Your body has grown golden eyes which may confuse attackers. (Acc +3) [Jiyva's grace]
   742 | D        | Lost mutation: You have a pair of small horns on your head. [Jiyva's grace]
   748 | D        | Lost mutation: Your rubbery body absorbs attacks. (AC +1, EV +1) [Jiyva's grace]
   763 | D        | Gained mutation: Your mind is very acute. (Int +4) [Jiyva's grace]
   799 | D        | Killed an eye of devastation
   840 | D        | Killed a flying skull
   857 | D        | Killed a flying skull
   862 | D        | Killed a flying skull
   882 | D        | Gained mutation: Your flesh is heat resistant. (rF+) [Jiyva's grace]
   936 | D        | Killed a flying skull
   992 | D        | Slain by a tentacle

Vault maps used:
D:        the_violet_keep_of_menkaure

Skill      XL: |  1  2  3  4  5  6  7 |
---------------+----------------------+-----
Fighting       | 1 2 3 4 5 |  5.1
Short Blades   | 2 3 4 5 6 |  6.8
Dodging        | 4 5 6 8 9 |  9.5
Stealth        | 5 6 7 9 10 | 10.7
Spellcasting   | 3 4 5 6 7 8 |  8.1
Hexes          | 4 5 6 7 8 |  8.5

Action                   |  1- 3 |  4- 6 |  7- 9 || total
-------------------------+-------+-------+-------++-------
Melee: Dagger            |     4 |    40 |    98 ||   142
       Kick              |       |     2 |       ||     2
 Cast: Confuse           |       |    19 |       ||    19
       Ensorcelled Hiber |       |     8 |     1 ||     9
       Dazzling Spray    |       |       |     2 ||     2
Invok: Slimify           |       |     1 |       ||     1
  Use: Potion            |     1 |     3 |       ||     4
       Scroll            |       |     1 |       ||     1
 Stab: Sleeping          |     2 |     3 |       ||     5
       Confused          |       |     6 |       ||     6
Armor: Robe              |       |     1 |       ||     1
Dodge: Dodged            |     4 |    27 |     1 ||    32

Vault maps used:
D:        the_violet_keep_of_menkaure

Table legend:
 A = Turns spent in this place as a percentage of turns spent in the entire game.
 B = Non-inter-level travel turns spent in this place as a percentage of non-inter-level travel turns spent in the entire game.
 C = Inter-level travel turns spent in this place as a percentage of turns spent in this place.
 D = Turns resting spent in this place as a percentage of non-inter-level travel turns spent in this place.
 E = Turns spent auto-exploring this place as a percentage of non-inter-level travel turns spent in this place.
 F = Non-inter-level travel turns spent in this place divided by the number of levels of this place that you've seen.
                   A       B       C       D       E      F
               +-------+-------+-------+-------+-------+----------------------
         Total | 100.0 | 100.0 |   0.0 |   3.1 |   0.0 | 716.0
       Dungeon | 100.0 | 100.0 |   0.0 |   3.1 |   0.0 | 716.0
               +-------+-------+-------+-------+-------+----------------------

Table legend:
 A = Kills in this place as a percentage of kills in entire the game.
 B = Kills by you in this place as a percentage of kills by you in the entire game.
 C = Kills by friends in this place as a percentage of kills by friends in the entire game.
 D = Other kills in this place as a percentage of other kills in the entire game.
 E = Experience gained in this place as a percentage of experience gained in the entire game.
 F = Experience gained in this place divided by the number of levels of this place that you have seen.
                   A       B       C       D       E      F
               +-------+-------+-------+-------+-------+----------------------
         Total | 100.0 | 100.0 |  -nan | 100.0 | 100.0 | 849.0
       Dungeon | 100.0 | 100.0 |  -nan | 100.0 | 100.0 | 849.0
               +-------+-------+-------+-------+-------+----------------------
